 Dungeon Crawl Stone Soup version 0.24-a0-778-g74da537585 (webtiles) character file.

Game seed: 1611927699132701875, levelgen mode: deterministic

285 Gynju the Magician (level 6, -4/32 HPs)
             Began as a Deep Elf Fire Elementalist on Oct 7, 2019.
             Killed by nerve-wracking pain
             ... invoked by an orc priest
              (14 damage)
             ... on level 4 of the Dungeon.
             The game lasted 00:04:00 (3327 turns).

Gynju the Magician (Deep Elf Fire Elementalist)     Turns: 3327, Time: 00:04:01

Health: -4/32      AC:  3    Str:  5    XL:     6   Next: 7%
Magic:  0/15       EV: 14    Int: 22    God:
Gold:   150        SH:  0    Dex: 15    Spells: 9/15 levels left

rFire    . . .     SeeInvis .   x - staff of energy
rCold    . . .     Gourm    +   (no shield)
rNeg     . . .     Faith    .   a - +0 robe
rPois    .         Spirit   +   (no helmet)
rElec    .         Reflect  .   b - scarf {Spirit}
rCorr    .         Harm     .   (no gloves)
MR       .....                  p - +0 pair of boots
Stlth    ++........             r - amulet of the gourmand
HPRegen  0.10/turn              (no ring)
MPRegen  0.14/turn              (no ring)

@: no status effects
A: no striking features
a: no special abilities


You were on level 4 of the Dungeon.
You were not hungry.

You visited 1 branch of the dungeon, and saw 4 of its levels.

You collected 150 gold pieces.

Inventory:

Missiles
 i - 6 javelins (quivered)
Armour
 a - a +0 robe (worn)
 b - a scarf of spirit shield (worn)
 p - a +0 pair of boots (worn)
Magical Staves
 x - an uncursed staff of energy (weapon)
Jewellery
 r - an amulet of the gourmand (around neck)
Wands
 u - a wand of acid (11)
Scrolls
 h - 2 scrolls of remove curse {@r2}
 n - a scroll of teleportation
Potions
 e - a potion of heal wounds {unknown}
 f - 2 potions of might
 g - 2 potions of brilliance
 m - a potion of lignification {unknown}
 q - a potion of magic {unknown}
 t - a potion of agility {unknown}
 v - a potion of invisibility {unknown}
Comestibles
 c - 8 rations


   Skills:
 * Level 4.3 Dodging
 - Level 2.4 Stealth
 * Level 5.0 Spellcasting
 * Level 3.4 Conjurations
 * Level 4.6 Fire Magic


You had 9 spell levels left.
You knew the following spells:

 Your Spells              Type           Power        Failure   Level  Hunger
a - Flame Tongue          Conj/Fire      ###..        1%          1    None
b - Throw Flame           Conj/Fire      ###...       3%          2    None
c - Conjure Flame         Conj/Fire      ###.....     6%          3    None

Your spell library contained the following spells:

 Spells                   Type           Power        Failure   Level  Hunger
 Inner Flame              Hex/Fire       ###.....     12%         3    None
 Sticky Flame             Conj/Fire      ###.....     19%         4    None
 Fireball                 Conj/Fire      ###.......   47%         5    None


Dungeon Overview and Level Annotations

Branches:
Dungeon (4/15)
 Temple: D:4-7

Altars:
Zin


Message History

You hear a shout!
The orc priest calls down the wrath of Beogh upon you.
Beogh smites you!
Casting: Flame Tongue (safe; 1% risk of failure)
Confirm with . or Enter, or press ? or * to list all spells.
You don't have enough magic to cast that spell.
Casting: Flame Tongue (safe; 1% risk of failure)
Confirm with . or Enter, or press ? or * to list all spells.
You don't have enough magic to cast that spell.
Casting: Flame Tongue (safe; 1% risk of failure)
Confirm with . or Enter, or press ? or * to list all spells.
You don't have enough magic to cast that spell.
Casting: Flame Tongue (safe; 1% risk of failure)
Confirm with . or Enter, or press ? or * to list all spells.
You don't have enough magic to cast that spell.
You closely miss the orc priest.
The orc priest is almost dead.
The orc priest calls down the wrath of Beogh upon you.
Pain shoots through your body!
You die...

***********,***,,..##**,,,..,,,,
*,,*****..###*#..#,,,, **,,,*
*#...#..o#*,*** *********
**#.####.....#***,* ,,,,,,,,*
#.........#* *,* ,,,,,,,,*
#####..##.#* *,* * ,,,,,,,,*
####o##*,.# *,*** ,*,,,,,,#***
#.o[.# *,,#***,**, ∩,,,,,,,...**
#@#### **...##.#*Z
,*,,,,,,....####.# *,..#..##.
,,,,,,,,*#.......### **#......,
*****########......### ##..<..##
#.......###.....####...#....
#.......###.##.........#.##.
#..<.........###.###........
#.......##...###...#.<......
####.#####.......#..........


You could see an orc priest and an orc wizard.

Vanquished Creatures
  An ogre (D:3)
  A scorpion (D:4)
  3 worker ants
  3 adders
  A worm (D:2)
  A dart slug (D:2)
  6 orcs
  9 giant cockroaches
  7 goblins
  4 hobgoblins
  3 kobolds
  2 quokkas (D:2)
  5 bats
  5 frilled lizards
  2 rats
53 creatures vanquished.

Notes
Turn   | Place    | Note
-------+----------+-------------------------------------------
     0 | D:1      | Gynju the Deep Elf Fire Elementalist began the quest for
                  | the Orb.
     0 | D:1      | Reached XP level 1. HP: 10/10 MP: 6/6
   415 | D:1      | Reached XP level 2. HP: 15/15 MP: 6/8
  1449 | D:2      | Reached XP level 3. HP: 19/19 MP: 7/10
  1883 | D:2      | Found a glowing silver altar of Zin.
  2163 | D:3      | Reached skill level 4 in Spellcasting
  2163 | D:3      | Reached XP level 4. HP: 24/24 MP: 8/12
  2192 | D:3      | Noticed an ogre
  2205 | D:3      | Learned a level 2 spell: Throw Flame
  2224 | D:2      | Learned a level 3 spell: Conjure Flame
  2656 | D:3      | Killed an ogre
  2656 | D:3      | Reached XP level 5. HP: 28/28 MP: 4/13
  3319 | D:4      | Reached skill level 5 in Spellcasting
  3319 | D:4      | Reached XP level 6. HP: 32/32 MP: 6/15
  3327 | D:4      | Killed from afar by an orc priest

Levels and vault maps discovered:
D:1:      lightli_arrival_statue_moat, layout_basic, minmay_pentomino_v2
D:2:      layout_basic, zin_statuary, kennysheep_potato
D:3:      layout_loops_cross
D:4:      layout_rooms, serial_shops, nicolae_shop_crystal, first_ration

Skill      XL: |  1  2  3  4  5 |
---------------+----------------+-----
Dodging        | 3 4 |  4.3
Conjurations   | 2 3 |  3.4
Spellcasting   | 4 5 |  5.0
Fire Magic     | 4 |  4.6
Stealth        | |  2.4

Action                   |  1- 3 |  4- 6 || total
-------------------------+-------+-------++-------
Melee: Unarmed           |     1 |       ||     1
       Staff             |       |     1 ||     1
 Cast: Flame Tongue      |    51 |    57 ||   108
       Conjure Flame     |       |     2 ||     2
  Use: Scroll            |       |    10 ||    10
  Eat: Chunk             |     3 |     4 ||     7
Armor: Robe              |     2 |     5 ||     7
Dodge: Dodged            |     7 |    20 ||    27

Table legend:
 A = Non-vault XP
 B = Vault XP
 C = Vault XP percentage of total XP
 D = Non-vault monster count
 E = Vault monster count
 F = Vault count percentage of total count
                 A         B        C        D         E       F
            +---------+---------+-------+---------+---------+-------
      Total |     390 |      18 |   4.4 |      49 |       4 |   7.5
            +---------+---------+-------+---------+---------+-------
        D:1 |      20 |       3 |  13.0 |      12 |       2 |  14.3
        D:2 |      27 |      15 |  35.7 |      12 |       2 |  14.3
        D:3 |     188 |       0 |   0.0 |      19 |       0 |   0.0
        D:4 |     155 |       0 |   0.0 |       6 |       0 |   0.0
            +---------+---------+-------+---------+---------+-------
